Map: Jagannatha LE

Players

Rex - Winner!

  • Race: Zerg Zerg
  • League: Grandmaster

Yoger

  • Race: Zerg Zerg
  • League: Master

Event: DreamHack SC2 Masters 2021 Summer

VOD

Have the link to the VOD?

Description

Time

  • Played on: May 20, 2021, 9:30 a.m.
  • Length: 14:08

All games in this series

Show
View Real Time Build Order
Export as new Build Order

Rex Zerg - Winner!

Build Orders: Hatch First 

Get SALT Encoding   

  12  0:00  Drone  
  13  0:12  Overlord  
  13  0:17  Drone  
  14  0:30  Drone x2  
  16  0:48  Hatchery  
  15  0:51  Drone  
  15  0:54  Drone  
  17  0:58  Drone  
  18  1:07  Extractor  
  17  1:13  Spawning Pool  
  17  1:16  Drone  
  17  1:19  Drone  
  18  1:27  Drone  
  19  1:41  Drone  
  20  1:49  Drone  
  21  1:59  Queen  
  21  2:00  Queen  
  21  2:01  Zergling x2  
  26  2:02  Overlord  
  26  2:07  Metabolic Boost  
  26  2:10  Drone  
  26  2:11  Drone  
  28  2:21  Drone  
  28  2:22  Drone  
  30  2:34  Hatchery  
  29  2:41  Queen  
  31  2:46  Drone  
  31  2:47  Drone  
  33  2:53  Baneling Nest  
  33  2:56  Overlord  
  33  2:58  Drone  
  33  3:03  Zergling x2  
  33  3:04  Zergling x2  
  35  3:11  Drone  
  36  3:16  Drone x3, Evolution Chamber  
  36  3:18  Drone  
  36  3:19  Drone  
  40  3:26  Overlord  
  40  3:29  Drone  
  41  3:40  Drone x3  
  44  3:43  Zerg Ground Armor Level 1  
  44  3:44  Overlord  
  44  3:46  Drone  
  44  3:48  Drone  
  46  3:55  Drone  
  47  3:57  Roach Warren  
  47  4:00  Zergling x2  
  47  4:01  Extractor, Zergling x4  
  48  4:04  Zergling x2  
  48  4:05  Zergling x2  
  48  4:09  Zergling x4  
  52  4:16  Baneling x2  
  52  4:19  Overlord  
  52  4:20  Drone x3  
  55  4:25  Overlord  
  55  4:32  Drone  
  55  4:33  Drone x3, Overlord  
  55  4:34  Extractor  
  55  4:36  Overlord  
  57  4:52  Roach x7  
  69  4:56  Roach  
  69  4:59  Roach  
  72  5:00  Zergling x4  
  72  5:04  Zergling x6  
  76  5:08  Zergling x2  
  76  5:09  Zergling x2  
  76  5:10  Zergling x2  
  76  5:11  Zergling x2  
  79  5:16  Zergling x4  
  79  5:18  Zergling x2  
  82  5:25  Zergling x2  
  82  5:30  Zergling x10  
  86  5:36  Zergling x6  
  86  5:40  Zergling x2  
  86  5:41  Zergling x4  
  92  5:44  Baneling  
  92  5:45  Baneling x11  
  92  5:48  Zergling x4  
  94  5:51  Zergling x4  
  94  5:53  Zergling x2  
  94  5:56  Zergling x6  
  96  5:58  Baneling  
  96  5:59  Baneling x3  
  96  6:10  Zergling x8  
  96  6:11  Zergling x6  
  92  6:18  Zergling x8  
  88  6:19  Zergling x2  
  87  6:26  Zergling x2  
  87  6:27  Zergling x8  
  87  6:29  Zergling x4  
  86  6:33  Zergling x4  
  86  6:39  Zergling x2  
  80  6:44  Zergling x4  
  75  6:51  Lair  
  75  6:52  Zerg Missile Weapons Level 1  
  75  6:53  Drone x2  
  70  6:55  Drone  
  70  6:58  Drone  
  70  7:01  Drone  
  71  7:07  Drone x4  
  74  7:16  Drone x3  
  74  7:17  Pneumatized Carapace  
  74  7:18  Drone  
  74  7:20  Drone x4  
  74  7:21  Drone  
  83  7:23  Extractor  
  83  7:24  Drone  
  83  7:26  Drone  
  84  7:31  Drone  
  84  7:33  Extractor  
  84  7:34  Extractor  
  83  7:37  Drone  
  83  7:38  Drone x3  
  83  7:44  Hatchery  
  86  7:48  Drone x4  
  86  7:49  Drone  
  91  7:51  Overseer  
  91  7:54  Overlord  
  91  7:57  Glial Reconstitution  
  91  7:59  Roach x3  
  97  8:08  Hydralisk Den  
  97  8:09  Roach  
  97  8:10  Overlord x4  
  98  8:15  Roach x4  
  106  8:23  Overlord  
  106  8:29  Roach x6  
  106  8:33  Roach x3  
  124  8:37  Roach x2  
  128  8:45  Roach x4  
  135  8:49  Baneling x4  
  135  8:50  Ravager  
  135  8:51  Ravager x5  
  141  8:56  Roach x3  
  141  9:00  Roach x2  
  151  9:06  Overlord x2  
  151  9:16  Overlord  
  151  9:23  Overlord x3  
  151  9:26  Roach x5  
  151  9:28  Zerg Missile Weapons Level 2  
  161  9:36  Roach x4  
  168  9:41  Roach x3  
  168  9:42  Roach  
  167  9:52  Roach x6  
  169  9:59  Roach x5  
  163  10:02  Roach  
  163  10:03  Roach  
  163  10:06  Roach x2  
  148  10:08  Roach  
  148  10:10  Roach  
  148  10:11  Roach  
  133  10:17  Roach x4  
  133  10:20  Roach x2  
  145  10:23  Roach x2  
  145  10:27  Roach  
  151  10:29  Roach  
  151  10:30  Roach  
  151  10:32  Roach x2  
  151  10:34  Roach  
  161  10:36  Ravager  
  161  10:37  Ravager  
  161  10:39  Roach x3  
  161  10:41  Roach  
  171  10:43  Roach  
  171  10:45  Roach  
  175  10:52  Roach x3  
  175  10:59  Roach x5  
  175  11:00  Roach  
  175  11:02  Roach  
  189  11:05  Roach x2  
  189  11:06  Roach  
  191  11:13  Roach x3  
  191  11:16  Roach x3  
  191  11:18  Roach  
  197  11:20  Roach  
  197  11:25  Roach x2  
  193  11:26  Roach  
  193  11:27  Roach  
  193  11:29  Roach  
  169  11:33  Roach x4  
  169  11:37  Roach  
  155  11:40  Roach x3  
  155  11:42  Roach  
  155  11:45  Roach x2  
  163  11:48  Roach  
  163  11:49  Roach  
  163  11:51  Roach  
  163  11:52  Roach  
  170  11:54  Roach x2  
  170  11:56  Roach  
  170  11:58  Roach  
  170  11:59  Roach  
  178  12:01  Roach  
  178  12:03  Ravager  
  178  12:04  Ravager x2  
  178  12:05  Ravager  
  178  12:06  Roach  
  184  12:09  Roach  
  184  12:10  Roach x2  
  184  12:11  Roach  
  184  12:13  Roach  
  184  12:14  Roach  
  198  12:15  Roach  
  198  12:17  Roach  
  200  12:33  Roach x2  
  200  12:35  Roach  
  200  12:36  Roach  
  200  12:37  Roach x2  
  197  12:39  Roach x2  
  197  12:40  Roach x6  
  197  12:42  Roach  
  197  12:43  Roach  
  188  12:45  Roach  
  188  12:51  Roach x3  
  165  12:52  Roach  
  165  12:56  Roach x2  
  165  12:57  Roach  
  161  13:01  Roach  
  161  13:02  Ravager  
  161  13:03  Ravager  
  165  13:06  Ravager  
  165  13:09  Roach x3  
  155  13:14  Roach  
  155  13:15  Roach  
  155  13:17  Roach  
  150  13:20  Roach  
  150  13:25  Roach x2  
  152  13:29  Roach x7  
  152  13:33  Roach x4  
  168  13:39  Roach x2  
  164  13:41  Roach  
  164  13:44  Roach  
  164  13:45  Roach  
Show
View Real Time Build Order
Export as new Build Order

Yoger Zerg 

Build Orders: Hatch First 

Get SALT Encoding   

  12  0:00  Drone  
  13  0:12  Overlord  
  13  0:17  Drone  
  14  0:31  Drone x2  
  16  0:48  Hatchery  
  15  0:51  Drone  
  15  0:55  Drone  
  17  0:58  Drone  
  18  1:11  Extractor  
  17  1:14  Spawning Pool  
  17  1:18  Drone  
  17  1:21  Drone  
  18  1:29  Drone  
  19  1:39  Drone  
  20  1:49  Drone  
  21  2:00  Overlord x2  
  21  2:03  Queen  
  21  2:05  Queen  
  25  2:11  Metabolic Boost  
  26  2:15  Drone  
  26  2:18  Zergling x2  
  27  2:23  Drone  
  27  2:24  Drone  
  29  2:33  Drone  
  29  2:34  Drone  
  31  2:46  Hatchery  
  30  2:54  Baneling Nest  
  30  2:55  Drone  
  30  2:57  Drone x2  
  32  3:00  Drone  
  34  3:05  Drone x2  
  34  3:12  Zergling x6  
  38  3:17  Queen  
  40  3:20  Drone  
  40  3:23  Drone  
  40  3:26  Overlord  
  42  3:28  Drone  
  42  3:34  Evolution Chamber  
  42  3:35  Drone x2  
  43  3:47  Drone x2  
  45  3:48  Drone x2  
  45  3:49  Baneling  
  45  3:50  Drone  
  45  3:52  Overlord  
  45  3:54  Drone x2  
  50  3:56  Drone  
  50  3:58  Overlord  
  50  4:01  Zerg Missile Weapons Level 1  
  51  4:07  Roach Warren  
  51  4:09  Drone  
  51  4:10  Drone  
  51  4:12  Drone  
  51  4:14  Drone  
  54  4:17  Drone x2  
  54  4:18  Drone  
  54  4:20  Drone  
  54  4:24  Zergling x4  
  59  4:27  Baneling  
  59  4:28  Baneling x2  
  60  4:33  Zergling x10  
  60  4:34  Extractor  
  60  4:35  Extractor  
  60  4:36  Baneling  
  62  4:48  Zergling x2  
  62  4:49  Zergling x6  
  65  4:53  Drone x2  
  65  4:57  Lair  
  68  5:00  Drone  
  68  5:04  Drone  
  68  5:06  Drone x6  
  73  5:11  Overlord  
  73  5:20  Drone, Extractor  
  73  5:21  Drone  
  74  5:22  Extractor, Overlord  
  74  5:26  Overlord x3  
  72  5:29  Spine Crawler  
  72  5:30  Spine Crawler x2  
  72  5:31  Spine Crawler  
  72  5:32  Spine Crawler  
  72  5:33  Roach  
  72  5:34  Roach x4  
  77  5:37  Roach  
  79  5:42  Baneling  
  79  5:44  Roach x2  
  79  5:49  Roach  
  87  5:50  Roach x2  
  87  5:53  Baneling x2  
  86  6:02  Roach x2  
  89  6:04  Roach x2  
  86  6:11  Roach x2  
  86  6:14  Zergling x6, Roach  
  86  6:18  Queen  
  89  6:19  Queen  
  89  6:25  Roach x3  
  97  6:27  Zergling x6, Roach  
  97  6:32  Roach  
  82  6:35  Roach x2  
  82  6:39  Roach  
  80  6:44  Roach x2  
  81  6:49  Roach  
  81  6:51  Zergling x2, Roach  
  82  6:59  Drone x3  
  82  7:01  Baneling x2  
  85  7:03  Drone  
  85  7:08  Drone x2, Glial Reconstitution  
  90  7:15  Roach  
  90  7:16  Roach  
  90  7:21  Drone x4  
  96  7:30  Overlord  
  96  7:31  Drone, Zerg Missile Weapons Level 2  
  96  7:32  Drone x3  
  96  7:36  Overseer  
  99  7:40  Extractor, Drone x3  
  99  7:43  Drone x2  
  103  7:49  Spire  
  102  7:52  Drone x3  
  102  7:53  Drone  
  102  7:54  Drone x2  
  108  8:02  Drone  
  108  8:05  Drone x2  
  110  8:06  Overlord x2  
  110  8:09  Roach  
  113  8:14  Hatchery  
  113  8:15  Roach  
  113  8:16  Roach x3  
  120  8:20  Spore Crawler  
  120  8:21  Roach  
  120  8:22  Spore Crawler  
  120  8:23  Overlord  
  121  8:27  Infestation Pit  
  121  8:29  Drone  
  121  8:30  Ravager x6, Evolution Chamber  
  121  8:31  Ravager  
  121  8:33  Roach  
  129  8:36  Overlord x2  
  129  8:42  Drone  
  129  8:47  Overlord x2  
  129  8:48  Overseer  
  130  8:49  Roach x2  
  130  8:50  Roach  
  130  8:53  Roach  
  138  8:57  Roach  
  138  8:58  Roach x2  
  144  9:06  Roach  
  144  9:07  Roach x4  
  144  9:09  Roach x2  
  158  9:14  Zerg Ground Armor Level 1  
  158  9:19  Hive  
  158  9:20  Roach  
  158  9:23  Overlord  
  160  9:26  Drone x2  
  162  9:36  Drone x3  
  162  9:37  Roach  
  162  9:38  Roach x4  
  174  9:48  Drone x2  
  174  9:49  Hydralisk Den  
  174  9:51  Roach x5  
  163  10:02  Roach x7  
  157  10:07  Roach  
  157  10:08  Roach x2  
  157  10:12  Roach x2  
  141  10:18  Queen  
  141  10:19  Roach  
  141  10:20  Roach x2  
  142  10:35  Roach x9  
  160  10:45  Ravager x5  
  160  10:46  Roach x2  
  160  10:47  Roach  
  171  10:50  Overlord x2  
  171  10:53  Extractor  
  165  10:58  Roach x4  
  167  11:04  Overlord  
  167  11:05  Overlord  
  167  11:13  Roach x5  
  167  11:14  Roach x2  
  170  11:20  Roach  
  170  11:21  Roach x3  
  171  11:25  Roach  
  171  11:26  Roach x3  
  158  11:33  Roach x3  
  144  11:43  Roach x2  
  134  11:47  Roach  
  134  11:48  Roach x3  
  134  11:51  Roach  
  134  11:52  Roach x2  
  146  11:57  Roach x5  
  154  12:03  Roach  
  154  12:07  Ravager  
  154  12:08  Hatchery  
  154  12:10  Ravager  
  154  12:13  Ravager x2  
  154  12:14  Roach x3  
  154  12:15  Roach  
  165  12:18  Overseer  
  165  12:27  Roach x5  
  165  12:38  Roach  
  165  12:39  Roach x5  
  149  12:45  Roach x2  
  123  12:52  Roach x4  
  116  13:00  Roach x3  
  116  13:05  Roach x2  
  126  13:09  Roach x2  
  128  13:17  Roach  
  128  13:18  Roach x2  
  122  13:21  Roach x2  
  122  13:26  Roach x3  
  120  13:30  Roach  
  112  13:35  Roach x3  
  112  13:41  Roach x3  
  114  13:45  Roach  
  114  13:46  Roach x2  
  101  13:48  Roach  
Tags
 
Add a new tag
Caveats
  • Supply blocks, unpowered buildings, or Contaminate may cause inaccurate times.
  • Supply counts are checked every 10 seconds.